 Dungeon Crawl Stone Soup version 0.18-a0-1376-g7441944 (webtiles) character file.

1580 sugabear the Ruffian (level 8, -16/48 HPs)
             Began as a Gargoyle Transmuter on Feb 22, 2016.
             Demolished by an ogre
             ... wielding a +0 giant spiked club
              (28 damage)
             ... on level 6 of the Dungeon.
             The game lasted 00:16:03 (9752 turns).

sugabear the Ruffian (Gargoyle Transmuter)          Turns: 9752, Time: 00:16:03

Health: -16/48     AC:  9    Str: 14    XL:     8   Next: 91%
Magic:  14/14      EV: 13    Int: 16    God:
Gold:   313        SH:  0    Dex: 10    Spells: 2 memorised, 11 levels left

rFire  . . .     SeeInvis .       - Unarmed
rCold  . . .     Gourm    +     F - +0 leather armour
rNeg   + . .     Faith    .     (no shield)
rPois  ∞         Spirit   .     (no helmet)
rElec  +         Dismiss  .     v - +0 cloak
rCorr  .         Reflect  .     (no gloves)
SustAt +         Harm     .     (no boots)
MR     .....                    f - amulet of the gourmand
Stlth  ++........               (no ring)
                                E - ring of sustain attributes

@: appendage (expiring), not resistant to hostile enchantments, unstealthy
A: horns 2, negative energy resistance 1, electricity resistance, unbreathing,
petrification resistance, rot immunity, sturdy frame 1, AC +5
a: End Transformation


You were on level 6 of the Dungeon.
You were very full.
You had grown temporary horns.
You visited 1 branch of the dungeon, and saw 6 of its levels.
You also visited: Ossuary.

You collected 313 gold pieces.

Inventory:

Missiles
 a - 128 arrows
 i - 10 poisoned arrows
Armour
 v - a +0 cloak (worn)
 F - a +0 leather armour (worn)
Jewellery
 f - an amulet of the gourmand (around neck)
 E - a ring of sustain attributes (left hand)
Wands
 b - a wand of acid (3/15)
 m - a wand of paralysis (0/24)
 p - a wand of flame (10/48)
 r - a wand of slowing (20/48)
Scrolls
 e - 3 scrolls of remove curse
 g - 11 scrolls of identify
 q - 2 scrolls of recharging {unknown}
 s - a scroll of fog {unknown}
 t - a scroll of enchant weapon {unknown}
 u - a scroll of amnesia
 w - a scroll of random uselessness {unknown}
 y - 2 scrolls of magic mapping {unknown}
 A - 3 scrolls of teleportation
 C - a scroll of blinking {unknown}
Potions
 h - 3 potions of mutation {unknown}
 j - 3 potions of curing {unknown}
 k - a potion of flight {unknown}
 l - a potion of resistance {unknown}
 n - 3 potions of heal wounds {unknown}
 x - a potion of beneficial mutation {unknown}
 z - a potion of brilliance {unknown}
 B - a potion of cancellation {unknown}
 D - a potion of invisibility {unknown}
Books
 c - a book of Changes

   Spells                             Type                      Level
   a - Beastly Appendage              Transmutation                1
   b - Sticks to Snakes               Transmutation                2
   c - Spider Form                    Transmutation/Poison         3
   d - Ice Form                       Ice/Transmutation            4
   e - Blade Hands                    Transmutation                5
Comestibles
 d - a bread ration
 o - 2 meat rations


   Skills:
 + Level 4.7 Fighting
 + Level 0.2 Armour
 + Level 5.4 Dodging
 + Level 3.3 Stealth
 + Level 5.6 Unarmed Combat
 + Level 4.0 Spellcasting
 + Level 3.1 Transmutations
 + Level 0.4 Poison Magic
 + Level 0.1 Evocations


You had 11 spell levels left.
You knew the following spells:

 Your Spells              Type           Power        Failure   Level  Hunger
a - Beastly Appendage     Trmt           ##....       6%          1    None
b - Spider Form           Trmt/Pois      #.........   28%         3    ###....


Dungeon Overview and Level Annotations

Branches:
Dungeon (6/15)
 Temple: D:4-7

Altars:
Fedhas
Kikubaaqudgha
Qazlal
Sif Muna
Trog
Xom

Annotations:
D:3 Blork the orc


Innate Abilities, Weirdness & Mutations

You are resistant to torment.
Your stone body is resilient (AC +5).
You are immune to poison.
You resist negative energy.
You are resistant to electric shocks.
You can survive without breathing.
You are immune to petrification.
You are immune to rotting.
You have a pair of horns on your head.
Your movements are slightly less encumbered by armour (ER -2).


Message History

You barely miss the ogre.
The ogre is lightly wounded.
You hit the ogre. You punch the ogre.
The ogre is moderately wounded.
You hit the ogre.
The ogre is moderately wounded.
The ogre hits you with a giant spiked club!
* * * LOW HITPOINT WARNING * * *
You are too injured to fight recklessly!
You are too injured to fight recklessly!
You are too injured to fight recklessly!
You are too injured to fight recklessly!
You hit the ogre. You headbutt the ogre.
The ogre is severely wounded.
Your transformation is almost over.
You hit the ogre. Your headbutt misses the ogre.
The ogre is almost dead.
The ogre hits you with a giant spiked club!!
Ouch! That really hurt!
You die...

######## ###......#
#.##........#
#...........#
#....O@...###
+.........#
#.........#########..
#....##+#............
##### #......#######.
#......# #..._..####
##.........#
#.........#.#


You could see an ogre.

Vanquished Creatures
  Edmund (D:5)
  A sky beast (D:5)
  11 scorpions (Ossuary)
  3 vampire bats (D:5)
  A centaur zombie (Ossuary)
  A crimson imp (D:5)
  A hound (D:5)
  A giant frog skeleton (D:5)
  A gnoll shaman (D:4)
  Crazy Yiuf (D:5)
  2 iguanas
  Ijyb (D:2)
  3 worker ants
  2 hound skeletons
  3 mummies (Ossuary)
  Robin (D:1)
  11 gnolls
  6 adders
  2 scorpion zombies (Ossuary)
  2 shadow imps (D:5)
  6 worms
  A giant gecko (D:2)
  2 orcs
  2 ball pythons
  8 bats
  2 bat skeletons (D:5)
  3 bat zombies (D:5)
  4 giant cockroaches
  A gnoll zombie (Ossuary)
  15 goblins
  9 hobgoblins
  5 jackals
  2 quokkas (D:2)
  A giant gecko skeleton (D:4)
  6 giant newts
  2 goblin zombies (Ossuary)
  3 hobgoblin zombies (Ossuary)
  5 kobolds
  2 kobold zombies (Ossuary)
  2 orc zombies (Ossuary)
  A quokka skeleton (D:4)
  12 rats
149 creatures vanquished.

Vanquished Creatures (others)
  A scorpion zombie (Ossuary)
  A hobgoblin zombie (Ossuary)
2 creatures vanquished.

Grand Total: 151 creatures vanquished

Notes
Turn   | Place    | Note
--------------------------------------------------------------
     0 | D:1      | sugabear the Gargoyle Transmuter began the quest for the Orb.
     0 | D:1      | Reached XP level 1. HP: 12/12 MP: 3/3
    89 | D:1      | Reached XP level 2. HP: 13/16 MP: 3/5
   417 | D:1      | Reached XP level 3. HP: 13/20 MP: 6/6
  1632 | D:2      | Noticed Ijyb
  1659 | D:2      | Killed Ijyb
  1659 | D:2      | Reached XP level 4. HP: 14/26 MP: 5/7
  2000 | D:2      | Noticed Robin
  2334 | D:1      | Killed Robin
  2702 | D:2      | Reached XP level 5. HP: 23/30 MP: 6/8
  2723 | D:2      | Learned a level 3 spell: Spider Form
  3900 | D:3      | Noticed Blork the orc
  3907 | D:3      | Found a deep blue altar of Sif Muna.
  4081 | D:3      | HP: 1/30 [bat (1)]
  4086 | D:3      | Found a shimmering altar of Xom.
  4558 | D:3      | Reached XP level 6. HP: 29/36 MP: 4/10
  5047 | D:4      | Reached skill level 1 in Stealth
  5272 | D:4      | Reached skill level 4 in Unarmed Combat
  5934 | D:5      | Entered Level 5 of the Dungeon
  5968 | D:5      | Noticed Edmund
  5981 | D:5      | Killed Edmund
  5981 | D:5      | Reached XP level 7. HP: 41/41 MP: 9/11
  6062 | D:5      | Gained mutation: Your movements are slightly less encumbered by armour (ER -2). [mutagenic meat]
  6164 | D:5      | Found a sand-covered staircase.
  6169 | Ossuary  | Entered an ossuary
  6824 | Ossuary  | Reached XP level 8. HP: 42/48 MP: 13/13
  7008 | Ossuary  | Reached skill level 5 in Unarmed Combat
  8263 | D:5      | Found a bloodstained altar of Trog.
  8884 | D:5      | Reached skill level 5 in Dodging
  9292 | D:5      | Found a blossoming altar of Fedhas.
  9347 | D:5      | Noticed Crazy Yiuf
  9359 | D:5      | Killed Crazy Yiuf
  9540 | D:5      | Found an ancient bone altar of Kikubaaqudgha.
  9707 | D:6      | Found a stormy altar of Qazlal.
  9752 | D:6      | Demolished by an ogre

Vault maps used:
D:1:      lightli_molten_gateway, hangedman_abyss_or_decor_stabs,
          minmay_bisected
D:2:      serial_bayou_ford_a, uniq_robin, uniq_iyjb
D:3:      overflow_temple_1_default, tgw_sif, first_bread
D:5:      fedhas_altar_4, kennysheep_vampire_church, basic_altar,
          enter_ossuary_2, uniq_crazy_yiuf_cottage, uniq_edmund
D:6:      lemuel_insect_pit, basic_altar, serial_shops, shop,
          minmay_misc_feat_five, kennysheep_generic_room_15
Ossuary:  ossuary_minmay_scorpions

Action                   |  1- 3 |  4- 6 |  7- 9 || total
-------------------------+-------+-------+-------++-------
Melee: Unarmed           |   148 |   340 |   416 ||   904
 Cast: Beastly Appendage |    23 |    41 |    30 ||    94
       Spider Form       |       |     4 |     3 ||     7
Evoke: Wand              |       |     5 |     2 ||     7
  Use: Scroll            |       |     4 |       ||     4
 Stab: Paralysed         |       |     6 |       ||     6
       Sleeping          |       |     1 |       ||     1
  Eat: Chunk             |     3 |    14 |    10 ||    27
       Pizza             |       |     1 |     1 ||     2
       Bread ration      |       |       |     2 ||     2
